 Dungeon Crawl Stone Soup version 0.22.1-1-ga44c0e5 (webtiles) character file.

53 rabbit the Magician (level 3, 15/26 HPs)
             Began as a Gnoll Wizard on Oct 16, 2018.
             Quit the game on level 2 of the Dungeon.
             The game lasted 00:04:25 (902 turns).

rabbit the Magician (Gnoll Wizard)                   Turns: 902, Time: 00:04:25

Health: 15/26      AC:  2    Str:  9    XL:     3   Next: 89%
Magic:  11/11      EV: 18    Int: 21    God:
Gold:   89         SH:  0    Dex: 13    Spells: 5/16 levels left

rFire    . . .     SeeInvis .   a - +0 dagger
rCold    . . .     Gourm    .   (no shield)
rNeg     . . .     Faith    .   j - +0 robe
rPois    .         Spirit   .   b - +0 hat
rElec    .         Reflect  .   (no cloak)
rCorr    .         Harm     .   (no gloves)
MR       .....                  (no boots)
Stlth    +++.......             (no amulet)
HPRegen  0.08/turn              e - +4 ring of evasion
MPRegen  0.12/turn              (no ring)

@: no status effects
A: distributed training, fangs 1, strong nose
a: no special abilities


You were on level 2 of the Dungeon.
You were not hungry.

You visited 1 branch of the dungeon, and saw 2 of its levels.

You collected 89 gold pieces.

Inventory:

Hand Weapons
 a - a +0 dagger (weapon)
Missiles
 g - 22 stones (quivered)
Armour
 b - a +0 hat (worn)
 j - a +0 robe (worn)
Jewellery
 e - a +4 ring of evasion (left hand)
Scrolls
 c - a scroll of fog {unknown}
 f - 3 scrolls of identify {unknown}
 h - 3 scrolls of random uselessness {unknown}
 i - 2 scrolls of enchant armour {unknown}
Potions
 k - a potion of brilliance {unknown}
Comestibles
 d - 2 rations


   Skills:
 + Level 1.0 Fighting
 + Level 1.0 Short Blades
 + Level 1.0 Long Blades
 + Level 1.0 Axes
 + Level 1.0 Maces & Flails
 + Level 1.0 Polearms
 + Level 1.0 Staves
 + Level 1.0 Slings
 + Level 1.0 Bows
 + Level 1.0 Crossbows
 + Level 1.0 Throwing
 + Level 1.0 Armour
 + Level 4.6 Dodging
 + Level 4.2 Stealth
 + Level 1.0 Shields
 + Level 1.0 Unarmed Combat
 + Level 7.1 Spellcasting
 + Level 2.1 Conjurations
 + Level 0.7 Hexes
 + Level 0.7 Charms
 + Level 2.1 Summonings
 + Level 0.7 Necromancy
 + Level 2.1 Translocations
 + Level 0.7 Transmutations
 + Level 0.7 Fire Magic
 + Level 0.7 Ice Magic
 + Level 0.7 Air Magic
 + Level 0.7 Earth Magic
 + Level 0.7 Poison Magic
 + Level 1.0 Invocations
 + Level 1.0 Evocations


You had 5 spell levels left.
You knew the following spells:

 Your Spells              Type           Power        Failure   Level  Hunger
a - Magic Dart            Conj           ###.         3%          1    None
b - Blink                 Tloc           N/A          5%          2    None
c - Call Imp              Summ           ###.....     5%          2    None
d - Conjure Flame         Conj/Fire      ##......     14%         3    None
e - Mephitic Cloud        Conj/Pois/Air  ##......     16%         3    None

Your spell library contained the following spells:

 Spells                   Type           Power        Failure   Level  Hunger
 Slow                     Hex            ##......     10%         2    None


Dungeon Overview and Level Annotations

Branches:
Dungeon (2/15)

Altars:

Annotations:
D:2 Sigmund


Innate Abilities, Weirdness & Mutations

Your experience applies equally to all skills.
You have very sharp teeth.
Your uncanny sense of smell can sniff out nearby items.


Message History

Your Shields skill increases to level 1!
Your Unarmed Combat skill increases to level 1!
Your Evocations skill increases to level 1!
You start resting.
Magic restored.
A hobgoblin comes into view.
Found 13 gold pieces.
A rat and a kobold come into view.
The helpless rat fails to defend itself.
You impale the rat!!
You kill the rat!
Sigmund the Dreaded comes into view.
He is wielding a scythe.
The kobold shouts!
Sigmund shouts!
Sigmund points at you and mumbles some strange words.
The puff of flame hits you!
Unknown command.
Level annotation: Sigmund Welcome back, rabbit the Gnoll Wizard.
Press ? for a list of commands and other information.
Are you sure you want to abandon this character and quit the game? (Confirm

# ### ####### .. ..
####....... ...
..#$.......... @...
.#...........######
..... .....g............
.....K#.......#####.####
.......@......# ###.#
......#.......# #...#
##### ###.##### #...#
#...# #...# #...# #..)#
#...## ###.# #....# #)#
#....# ##.####
#....######......


You could see Sigmund, a hobgoblin (wandering) and a kobold.

Vanquished Creatures
  2 adders (D:2)
  An ooze (D:1)
  2 dart slugs (D:2)
  4 bats (D:1)
  2 giant cockroaches
  4 goblins (D:1)
  5 hobgoblins
  2 kobolds
  4 rats
26 creatures vanquished.

Notes
Turn   | Place    | Note
-------+----------+-------------------------------------------
     0 | D:1      | rabbit the Gnoll Wizard began the quest for the Orb.
     0 | D:1      | Reached XP level 1. HP: 13/13 MP: 8/8
   252 | D:1      | Reached XP level 2. HP: 19/19 MP: 8/10
   258 | D:1      | Learned a level 2 spell: Blink
   261 | D:1      | Learned a level 2 spell: Call Imp
   632 | D:2      | Reached XP level 3. HP: 25/25 MP: 7/11
   637 | D:2      | Learned a level 3 spell: Conjure Flame
   641 | D:2      | Learned a level 3 spell: Mephitic Cloud
   771 | D:2      | Reached skill level 1 in Invocations
   809 | D:2      | Reached skill level 1 in Fighting
   809 | D:2      | Reached skill level 1 in Short Blades
   809 | D:2      | Reached skill level 1 in Long Blades
   809 | D:2      | Reached skill level 1 in Axes
   809 | D:2      | Reached skill level 1 in Maces & Flails
   809 | D:2      | Reached skill level 1 in Polearms
   809 | D:2      | Reached skill level 1 in Staves
   809 | D:2      | Reached skill level 1 in Slings
   809 | D:2      | Reached skill level 1 in Bows
   809 | D:2      | Reached skill level 1 in Crossbows
   809 | D:2      | Reached skill level 1 in Throwing
   809 | D:2      | Reached skill level 1 in Armour
   809 | D:2      | Reached skill level 1 in Shields
   809 | D:2      | Reached skill level 1 in Unarmed Combat
   809 | D:2      | Reached skill level 1 in Evocations
   901 | D:2      | Noticed Sigmund
   902 | D:2      | Quit the game

Skill      XL: |  1  2  3 |
---------------+----------+-----
Conjurations   | 2 |  2.1
Summonings     | 2 |  2.1
Translocations | 2 |  2.1
Invocations    | 1 |  1.0
Fighting       | 1 |  1.0
Short Blades   | 1 |  1.0
Long Blades    | 1 |  1.0
Axes           | 1 |  1.0
Maces & Flails | 1 |  1.0
Polearms       | 1 |  1.0
Staves         | 1 |  1.0
Slings         | 1 |  1.0
Bows           | 1 |  1.0
Crossbows      | 1 |  1.0
Throwing       | 1 |  1.0
Armour         | 1 |  1.0
Shields        | 1 |  1.0
Unarmed Combat | 1 |  1.0
Evocations     | 1 |  1.0
Dodging        | |  4.6
Stealth        | |  4.2
Spellcasting   | |  7.1
Hexes          | |  0.7
Charms         | |  0.7
Necromancy     | |  0.7
Transmutations | |  0.7
Fire Magic     | |  0.7
Ice Magic      | |  0.7
Air Magic      | |  0.7
Earth Magic    | |  0.7
Poison Magic   | |  0.7

Action                   || total
-------------------------++-------
Melee: Dagger            ||     4
       Bite              ||     1
 Cast: Magic Dart        ||    52
 Stab: Sleeping          ||     2
Armor: Robe              ||     1
Dodge: Dodged            ||     7
